 Dungeon Crawl Stone Soup version 0.30-a0-364-gf6b3ef1049 (webtiles) character file.

Game seed: 9923870051451650512

21521 jlumianski the Cleaver (level 12, -1/138 HPs)
             Began as a Demonspawn Fighter on Nov 14, 2022.
             Was a Priest of Qazlal.
             Slain by Rupert
             ... wielding a +2 battleaxe of flaming
              (16 damage)
             ... on level 11 of the Dungeon.
             The game lasted 01:16:42 (9899 turns).

jlumianski the Cleaver (Demonspawn Fighter)         Turns: 9899, Time: 01:16:43

Health: -1/138     AC: 26    Str: 25    XL:     12   Next: 54%
Magic:  16/16      EV: 16    Int:  9    God:    Qazlal [***...]
Gold:   777        SH: 10    Dex: 12    Spells: 11/11 levels left

rFire   . . .      SeeInvis .    p - +3 broad axe (venom)
rCold   . . .      Faith    .    c - +0 buckler
rNeg    . . .      Spirit   .    k - +0 plate armour
rPois   .          Reflect  .    e - +2 helmet
rElec   +          Harm     .    v - scarf {+Inv}
rCorr   .          Rampage  .    q - +1 pair of gloves
Will    .....                    (no boots)
Stlth   ..........               t - amulet "Igosant" {rElec Regen+}
HPRegen 1.23/turn                r - +4 ring of evasion
MPRegen 0.15/turn                E - +4 ring of protection

@: agile, berserking, hasted, very quick
A: claws 2, slimy green scales 2, powered by pain 2, spiny 1, low MP 1, strong 1
a: Renounce Religion, Evoke Invisibility, Upheaval, Elemental Force


You were on level 11 of the Dungeon.
You worshipped Qazlal.
Qazlal was most pleased with you.
You visited 3 branches of the dungeon, and saw 14 of its levels.
You also visited: Ossuary and Bailey.

You collected 777 gold pieces.

Inventory:

Hand Weapons
 a - a +0 demon whip of venom
 p - a +3 broad axe of venom (weapon)
 D - the +5 spear of Melee {drain, *Noise Dex+4}
   (You found it on level 5 of the Dungeon)

   A truly terrible weapon, it drains the life of any living foe it strikes.
   Dex:       It affects your dexterity (+4).
   *Noise:    It may make noises in combat.
Missiles
 i - 9 poisoned darts
 n - 3 javelins
 B - 3 atropa-tipped darts
 C - 34 boomerangs (quivered)
 P - a throwing net
 R - a curare-tipped dart
Armour
 c - a +0 buckler (worn)
 e - a +2 helmet (worn)
 k - a +0 plate armour (worn)
 q - a +1 pair of gloves (worn)
 v - a scarf of invisibility (worn)
Jewellery
 b - a ring of flight
 f - a ring of protection from fire
 r - a +4 ring of evasion (left hand)
 t - the amulet "Igosant" (around neck) {rElec Regen+}
   (You acquired it in an ossuary)

   [amulet of regeneration]

   rElec:     It insulates you from electricity.
   Regen:     It increases your rate of health regeneration.
 A - a ring of protection from cold
 E - a +4 ring of protection (right hand)
Wands
 o - a wand of iceblast (3)
 H - a wand of mindburst (1)
 Q - a wand of flame (29)
Scrolls
 l - a scroll of identify
 m - a scroll of teleportation
 u - 2 scrolls of fog
 x - 4 scrolls of fear
 y - a scroll of silence
Potions
 d - 2 potions of might
 g - 6 potions of curing
 h - 2 potions of resistance
 s - 9 potions of attraction
 F - 3 potions of lignification
 G - 3 potions of cancellation
 J - a potion of flight
 N - a potion of heal wounds
Miscellaneous
 M - a phantom mirror


   Skills:
 + Level 8.1 Fighting
 + Level 11.1 Axes
 + Level 3.3 Throwing
 + Level 8.1 Armour
 + Level 1.7 Dodging
 + Level 2.4 Stealth
 + Level 6.6 Shields
 * Level 8.5 Invocations
 * Level 8.7 Evocations


You had 11 spell levels left.
You didn't know any spells.
Your spell library contained the following spells:

 Spells                   Type           Power      Damage    Failure   Level
 Ensorcelled Hibernation  Hex/Ice        0%         N/A       100%        2
 Gell's Gravitas          Tloc           0%         N/A       100%        3
 Spider Form              Tmut/Pois      0%         N/A       100%        3
 Summon Guardian Golem    Hex/Summ       0%         N/A       100%        3
 Teleport Other           Tloc           0%         N/A       100%        3
 Anguish                  Hex/Necr       0%         N/A       100%        4
 Dispersal                Tloc           0%         N/A       100%        6
 Orb of Destruction       Conj           0%         9d5       100%        7
 Spellforged Servitor     Conj/Summ      0%         N/A       100%        7


Dungeon Overview and Level Annotations

Branches:
Dungeon (12/15)            Temple (1/1) D:6            Lair (1/5) D:9
Ossuary (visited)          Bailey (visited)
    Orc: D:9-12

Altars:
Ashenzari
Cheibriados
Dithmenos
Fedhas
Gozag
Hepliaklqana
Kikubaaqudgha
Makhleb
Nemelex Xobeh
Okawaru
Qazlal
Ru
Sif Muna
Trog
Uskayaw
Vehumet
Wu Jian
Xom
Yredelemnul

Annotations:
D:11 Rupert


Innate Abilities, Weirdness & Mutations

You have very sharp fingernails.
You are mostly covered in slimy green scales. (AC +3)
You sometimes gain power by taking damage.
You are partially covered in sharp spines.
Your magical capacity is low. (-10% MP)
Your muscles are strong. (Str +4, Int/Dex -1)


Message History

Rupert hits you with a +2 battleaxe of flaming!!
You focus on the pain.
You feel agile all of a sudden. Rupert burns you!
Rupert attacks as you move away! Rupert is struck by your spines.
Rupert hits you with a +2 battleaxe of flaming!
Rupert burns you.
Rupert rages.
There is a stone staircase leading up here.
Rupert is engulfed in blazing flames.
Rupert closely misses you.
You climb upwards.
There is a stone staircase leading down here.
You slash Rupert!
Rupert is poisoned.
Rupert is lightly wounded.
Rupert is engulfed in blazing flames.
Rupert is struck by your spines. Rupert misses you.
You barely miss Rupert.
Rupert is moderately wounded.
Rupert is engulfed in blazing flames.
You block Rupert's attack.
You slash Rupert!
Rupert looks as sick as possible!
Rupert is moderately wounded.
Rupert is engulfed in blazing flames.
Rupert closely misses you.
Rupert is engulfed in blazing flames.
Rupert hits you with a +2 battleaxe of flaming!
Rupert burns you.
You slash Rupert!
Rupert looks as sick as possible!
Rupert is heavily wounded.
You slash Rupert!
Rupert looks as sick as possible!
Rupert is heavily wounded.
Rupert is engulfed in blazing flames.
You block Rupert's attack.
Rupert is engulfed in blazing flames.
Rupert hits you with a +2 battleaxe of flaming!!
* * * LOW HITPOINT WARNING * * *
Rupert burns you!
* * * LOW HITPOINT WARNING * * *
A red film seems to cover your vision as you go berserk!
You feel yourself moving faster!
You feel mighty! Rupert is struck by your spines.
Rupert hits you with a +2 battleaxe of flaming!
You die...

#####.### #.#
###..# #.#
#...## #.#
#.### #+#
##'####
#....<#######
#.....'.....#
#....°#####.##
#...@@# #..#
#...°.#
##.Y.....#
#######
###.....#
.....# #####


You could see Rupert (berserk, extremely poisoned).

Vanquished Creatures
  An orc warlord (Bailey)
  A catoblepas (D:8)
  2 centaur warriors (D:9)
  Amaemon (D:8)
  2 deep elf pyromancers
  2 ugly things
  2 cyclopes (D:9)
  Joseph (D:9)
  A kobold demonologist (D:10)
  An orange demon (D:9)
  A tengu conjurer (D:9)
  A troll (D:10)
  Prince Ribbit (D:8)
  A vampire (D:9)
  2 wyverns (D:9)
  13 yaks
  Eustachio (D:5)
  A basilisk (D:9)
  A golden eye (shapeshifter) (D:9)
  Grum (D:9)
  5 vampire mosquitoes (D:9)
  A steam dragon (D:6)
  Menkaure (D:6)
  Edmund (D:6)
  3 wargs (D:9)
  An acid dragon (D:8)
  A water moccasin (D:7)
  Duvessa (D:4)
  A sky beast (D:7)
  9 orc warriors
  2 black bears
  2 ice beasts
  3 wolves (D:9)
  5 centaurs
  4 ogres
  An elf zombie (Ossuary)
  2 bullfrogs
  2 kobold brigands
  2 scorpions
  A necrophage (D:8)
  9 wights
  Dowan (D:4)
  5 killer bees (D:8)
  An electric eel (D:7)
  3 howler monkeys (D:9)
  3 jellies
  13 orc priests
  A hound (D:7)
  A gnoll bouda (D:6)
  Natasha (D:2)
  4 iguanas
  9 orc wizards
  A hound zombie (Ossuary)
  4 mummies (Ossuary)
  Robin (D:2)
  5 gnolls
  6 adders
  A white imp (D:4)
  An ufetubus (D:4)
  An adder zombie (Ossuary)
  3 dart slugs
  44 orcs
  4 ball pythons
  5 endoplasms
  6 giant cockroaches
  26 goblins
  11 hobgoblins
  22 kobolds
  2 quokkas
  4 bats
  A frilled lizard (D:2)
  2 hobgoblin zombies (Ossuary)
  5 orc zombies (Ossuary)
  5 rats
  2 rat zombies (Ossuary)
298 creatures vanquished.

Vanquished Creatures (others)
  A white imp (D:8)
  18 plants
19 creatures vanquished.

Grand Total: 317 creatures vanquished

Notes
Turn   | Place    | Note
-------+----------+-------------------------------------------
     0 | D:1      | jlumianski the Demonspawn Fighter began the quest for the
                  | Orb.
     0 | D:1      | Reached XP level 1. HP: 18/18 MP: 1/1
   237 | D:1      | Reached skill level 2 in Axes
   258 | D:1      | Gained mutation: You have sharp fingernails. [demonic
                  | ancestry]
   258 | D:1      | Reached XP level 2. HP: 15/24 MP: 2/2
   927 | D:1      | Gained mutation: Your muscles are strong. (Str +4, Int/Dex
                  | -1) [potion of mutation]
   927 | D:1      | Gained mutation: Your magical capacity is low. (-10% MP)
                  | [potion of mutation]
   947 | D:2      | Noticed Robin
  1002 | D:1      | Reached XP level 3. HP: 25/29 MP: 2/2
  1036 | D:2      | Killed Robin
  1250 | D:2      | Noticed Natasha
  1258 | D:2      | Killed Natasha
  1259 | D:2      | Gained mutation: You have very sharp fingernails. [demonic
                  | ancestry]
  1259 | D:2      | Reached XP level 4. HP: 27/37 MP: 3/3
  1648 | D:3      | Noticed a scorpion
  1674 | D:3      | Killed a scorpion
  1675 | D:3      | Reached skill level 3 in Axes
  1675 | D:3      | Gained mutation: You are partially covered in slimy green
                  | scales. (AC +2) [demonic ancestry]
  1675 | D:3      | Reached XP level 5. HP: 31/42 MP: 4/4
  1747 | D:4      | Found a sand-covered staircase.
  1754 | Ossuary  | Entered an ossuary
  1775 | Ossuary  | Reached skill level 4 in Axes
  1798 | Ossuary  | Gained mutation: You are partially covered in sharp spines.
                  | [demonic ancestry]
  1798 | Ossuary  | Reached XP level 6. HP: 39/48 MP: 5/5
  1878 | Ossuary  | Identified a scroll of acquirement
  1881 | Ossuary  | Acquired the amulet "Igosant" {rElec Regen+}
  2580 | D:4      | Noticed Dowan
  2601 | D:4      | Killed Dowan
  2627 | D:4      | Noticed Duvessa
  2646 | D:4      | Killed Duvessa
  2729 | D:5      | Entered Level 5 of the Dungeon
  2818 | D:4      | Gained mutation: You sometimes gain a little power by
                  | taking damage. [demonic ancestry]
  2818 | D:4      | Reached XP level 7. HP: 50/55 MP: 6/6
  2986 | D:4      | Reached skill level 1 in Evocations
  3237 | D:4      | Reached skill level 5 in Axes
  3596 | D:5      | Identified the +5 spear of Melee {drain, *Noise Dex+4}
  3623 | D:5      | Noticed Eustachio
  3827 | D:5      | Killed Eustachio
  3828 | D:5      | Reached skill level 5 in Armour
  3828 | D:5      | Reached XP level 8. HP: 61/61 MP: 7/7
  3964 | D:5      | Reached skill level 6 in Axes
  4113 | D:5      | Reached skill level 5 in Fighting
  4270 | D:6      | Found a staircase to the Ecumenical Temple.
  4276 | Temple   | Entered the Ecumenical Temple
  4659 | D:6      | Noticed Edmund
  4668 | D:6      | Reached skill level 1 in Dodging
  4684 | D:6      | Killed Edmund
  4685 | D:6      | Reached skill level 7 in Axes
  4867 | D:6      | Noticed Menkaure
  4871 | D:6      | Killed Menkaure
  4872 | D:6      | Gained mutation: You are mostly covered in slimy green
                  | scales. (AC +3) [demonic ancestry]
  4872 | D:6      | Reached XP level 9. HP: 62/68 MP: 8/8
  5195 | D:7      | Found a hazy altar of Hepliaklqana.
  5218 | D:7      | Found an opulent altar of Gozag.
  5257 | D:7      | Found a stormy altar of Qazlal.
  5259 | D:7      | Found a hide-covered altar of Uskayaw.
  5259 | D:7      | Found a shimmering blue altar of Sif Muna.
  5275 | D:7      | Became a worshipper of Qazlal Stormbringer
  5344 | D:7      | Reached skill level 8 in Axes
  5344 | D:7      | Reached skill level 5 in Evocations
  5885 | D:9      | Gained mutation: You sometimes gain power by taking damage.
                  | [demonic ancestry]
  5885 | D:9      | Reached XP level 10. HP: 76/76 MP: 9/9
  5888 | D:10     | Entered Level 10 of the Dungeon
  5974 | D:10     | Found a flagged portal.
  5979 | D:10     | Reached * piety under Qazlal
  5994 | D:10     | Reached skill level 9 in Axes
  6019 | Bailey   | Entered a bailey
  6046 | Bailey   | Noticed an orc warlord
  6213 | Bailey   | Found a runed translucent gate.
  6213 | Bailey   | Found a runed translucent gate.
  6227 | Bailey   | Found a runed translucent gate.
  6354 | Bailey   | Killed an orc warlord
  6441 | Bailey   | Reached skill level 5 in Shields
  6441 | Bailey   | Reached XP level 11. HP: 84/84 MP: 10/14
  6720 | D:9      | Reached ** piety under Qazlal
  7040 | D:8      | Found a radiant altar of Vehumet.
  7134 | D:8      | Found a burning altar of Makhleb.
  7206 | D:8      | Noticed Prince Ribbit
  7215 | D:8      | Killed Prince Ribbit
  7216 | D:8      | Reached skill level 10 in Axes
  7396 | D:9      | Noticed Amaemon
  7614 | D:9      | Noticed a cyan ugly thing
  7622 | D:9      | Killed a cyan ugly thing
  7695 | D:9      | Noticed a deep elf pyromancer
  7696 | D:9      | Noticed a deep elf pyromancer
  7696 | D:9      | Noticed a catoblepas
  7696 | D:9      | Noticed a centaur warrior
  7696 | D:9      | Noticed a centaur warrior
  7707 | D:9      | Reached *** piety under Qazlal
  7725 | D:9      | Killed a centaur warrior
  7726 | D:9      | Reached skill level 1 in Stealth
  7739 | D:9      | Killed a centaur warrior
  7740 | D:9      | Reached XP level 12. HP: 30/91 MP: 10/15
  7859 | D:9      | Noticed Joseph
  7874 | D:9      | Killed Joseph
  7984 | D:9      | Noticed Grum
  8000 | D:9      | Killed Grum
  8161 | D:9      | Found a staircase to the Lair.
  8172 | Lair:1   | Entered Level 1 of the Lair of Beasts
  8310 | D:8      | Killed a catoblepas
  8384 | D:8      | Killed Amaemon
  9465 | D:10     | Reached skill level 11 in Axes
  9829 | D:11     | You fall into a shaft and drop 1 floor!
  9872 | D:12     | Noticed Rupert
  9899 | D:11     | Slain by Rupert

Illustrated notes

Levels and vault maps discovered:
D:1:      giann_bridges, layout_basic, minmay_misc_feat_secret_circle,
          fountainhead
D:2:      layout_loops_cross, uniq_robin, uniq_natasha
D:3:      layout_basic
D:4:      layout_basic, enter_ossuary_1, minmay_ruptured, uniq_duvessa
D:5:      layout_loops_ring, minmay_misc_feat_tower, uniq_eustachio
D:6:      layout_rooms, minmay_temple_entry_proselytizer, serial_corexii_hall,
          corexii_hall_statues_u, chequers_hall_statues_y,
          corexii_hall_statues_x, uniq_edmund, uniq_menkaure
D:7:      layout_rooms, grunt_temple_overflow_open, serial_bayou_ford_a,
          nicolae_figureground_pulse
D:8:      layout_rooms, fiery_altar_vehumet, lemuel_crystal_altar,
          lemuel_doored_altar, onia_ninara_dug_in_and_dangerous,
          uniq_prince_ribbit1
D:9:      minmay_the_grid_triangle_9x9_recursive_2
          [minmay_the_grid_triangle_9x9_prize_insulated,
          minmay_the_grid_triangle_9x9_shrine,
          minmay_the_grid_triangle_9x9_zippers_horizontal,
          minmay_the_grid_triangle_9x9_minimal], layout_layer_cave,
          erik_lair_orcish_takeover, uniq_grum, uniq_joseph, uniq_amaemon
D:10:     layout_rooms, enter_bailey_5, chequers_serial_rivers_small_b,
          lemuel_flamethrower_1
D:11:     layout_roguey
D:12:     layout_irregular_city, david_orc_2, uniq_sonja, uniq_rupert
Temple:   zaba_magenta_temple
Lair:1:   layout_cave_pods, basic_altar, grunt_megastairs_3, lemuel_fruit_tree

Skill      XL: |  1  2  3  4  5  6  7  8  9 10 11 12 |
---------------+-------------------------------------+-----
Axes           | 2 3 4 5 7 8 9 10 11 | 11.1
Armour         | 3 4 5 6 7 8 |  8.1
Fighting       | 4 5 6 7 8 |  8.1
Shields        | 3 4 5 6 |  6.6
Evocations     | 2 4 5 7 8 |  8.7
Dodging        | 1 |  1.7
Invocations    | 6 7 8 |  8.5
Throwing       | 2 3 |  3.3
Stealth        | 2 |  2.4

Action                   |  1- 3 |  4- 6 |  7- 9 | 10-12 || total
-------------------------+-------+-------+-------+-------++-------
Melee: War axe           |   117 |   137 |   313 |   274 ||   841
       Broad axe         |       |       |       |    81 ||    81
Throw: Stone             |     1 |       |       |       ||     1
       Dart              |       |     1 |     3 |    12 ||    16
       Boomerang         |       |       |       |    12 ||    12
 Abil: Evoke Invisibilit |       |       |       |     1 ||     1
Evoke: Wand              |       |       |     1 |     5 ||     6
       Phantom mirror    |       |       |       |     1 ||     1
  Use: Scroll            |     6 |     9 |     6 |     9 ||    30
       Potion            |     2 |     2 |     2 |     7 ||    13
 Stab: Invisible         |       |       |       |     2 ||     2
       Petrified         |       |       |       |     8 ||     8
       Petrifying        |       |       |       |     1 ||     1
Armor: Scale mail        |    21 |       |       |       ||    21
       Plate armour      |    94 |    85 |   182 |   236 ||   597
Dodge: Dodged            |    41 |    72 |   159 |   176 ||   448
Block: Buckler           |    27 |    33 |    69 |   182 ||   311

Table legend: (Time is in decaauts)
 A = Elapsed time spent in this place.
 B = Non-inter-level travel time spent in this place.
 C = Inter-level travel time spent in this place.
 D = Time resting spent in this place.
 E = Time spent auto-exploring this place.
 F = Levels seen in this place.
 G = Mean time per level.
                   A        B        C        D        E       F      G
               +--------+--------+--------+--------+--------+-----+--------+
         Total |  10121 |   9891 |    230 |    638 |   4321 |  16 |  632.6 |
       Dungeon |   9336 |   9106 |    230 |    624 |   4295 |  12 |  778.0 |
        Temple |     93 |     93 |      0 |      0 |      0 |   1 |   93.0 |
          Lair |      1 |      1 |      0 |      0 |      0 |   1 |    1.0 |
       Ossuary |    254 |    254 |      0 |      0 |     26 |   1 |  254.0 |
        Bailey |    435 |    435 |      0 |     14 |      0 |   1 |  435.0 |
               +--------+--------+--------+--------+--------+-----+--------+

Top non-repeatable levels by time:
     D:9: 1665 daAuts
     D:7: 1005 daAuts
     D:1: 971 daAuts
     D:5: 886 daAuts
    D:10: 875 daAuts
     D:4: 828 daAuts
     D:6: 823 daAuts
     D:2: 716 daAuts
     D:8: 646 daAuts
     D:3: 637 daAuts
  Bailey: 435 daAuts
 Ossuary: 254 daAuts
    D:11: 211 daAuts
  Temple: 93 daAuts
    D:12: 66 daAuts
